 Dungeon Crawl Stone Soup version 0.16-a0-2652-gd333f3b (webtiles) character file.

14153 magipi the Martial Artist (level 11, 0/78 HPs)
             Began as a Demonspawn Monk on Nov 23, 2014.
             Was the Champion of Makhleb.
             Succumbed to a manticore's barbed spikes
             ... on level 4 of the Lair of Beasts.
             The game lasted 02:41:43 (22933 turns).

magipi the Martial Artist (Demonspawn Monk)        Turns: 22933, Time: 02:41:44

Health: 0/78       AC: 14    Str: 12    XL:     11   Next: 85%
Magic:  34/34      EV: 14    Int: 12    God:    Makhleb [******]
Gold:   480        SH:  0    Dex: 18    Spells: 2 memorised, 8 levels left

rFire  + . .     SeeInvis +       - Unarmed
rCold  + . .     Clarity  +     r - +5 ring mail "Bownoiv" {rC+ SInv} (curse)
rNeg   . . .     SustAb   .     (no shield)
rPois  .         Gourm    .     (helmet restricted)
rElec  .         Spirit   .     w - +2 cloak of the Old World {rF+}
rCorr  .         Warding  .     (no gloves)
rMut   .         Rnd*Tele +     (no boots)
MR     .....                    J - amulet of clarity
Stlth  ++........               h - ring of teleportation
                                x - ring of magical power

@: manticore barbs, not resistant to hostile enchantments, unstealthy
A: antennae 2, powered by death 2
a: Minor Destruction, Lesser Servant of Makhleb, Major Destruction, Greater
Servant of Makhleb, Renounce Religion, Evoke Teleportation


You were on level 4 of the Lair of Beasts.
You worshipped Makhleb.
Makhleb was exalted by your worship.
You were not hungry.

You visited 4 branches of the dungeon, and saw 18 of its levels.
You also visited: Ice Cave.

You collected 1438 gold pieces.
You spent 958 gold pieces at shops.

Notes
Turn   | Place    | Note
--------------------------------------------------------------
     0 | D:1      | magipi, the Demonspawn Monk, began the quest for the Orb.
     0 | D:1      | Reached XP level 1. HP: 18/18 MP: 1/1
   219 | D:1      | Reached skill level 4 in Unarmed Combat
   319 | D:1      | Gained mutation: You have a pair of small antennae on your head. [demonic ancestry]
   319 | D:1      | Reached XP level 2. HP: 24/24 MP: 2/2
   464 | D:2      | Found a shadowy altar of Dithmenos.
   580 | D:2      | Noticed Ijyb
   618 | D:2      | Killed Ijyb
   618 | D:2      | Reached XP level 3. HP: 26/29 MP: 3/3
   643 | D:2      | Noticed Terence
   674 | D:2      | Reached skill level 5 in Unarmed Combat
   748 | D:2      | Found a glowing golden altar of the Shining One.
   748 | D:2      | Found a bloodstained altar of Trog.
   748 | D:2      | Found a blossoming altar of Fedhas.
   748 | D:2      | Noticed Jessica
   775 | D:2      | Reached XP level 4. HP: 14/35 MP: 4/4
  1011 | D:2      | Killed Jessica
  1143 | D:2      | Found an ancient bone altar of Kikubaaqudgha.
  1561 | D:3      | Found a bloodstained altar of Trog.
  1777 | D:3      | Noticed Sigmund
  1918 | D:4      | Reached skill level 6 in Unarmed Combat
  1918 | D:4      | Reached XP level 5. HP: 29/41 MP: 5/5
  2185 | D:5      | Entered Level 5 of the Dungeon
  2194 | D:5      | Noticed Eustachio
  2543 | D:4      | Noticed a giant frog
  2556 | D:4      | Gained mutation: You can steal the life force of nearby defeated enemies. [demonic ancestry]
  2556 | D:4      | Reached XP level 6. HP: 36/47 MP: 6/6
  2562 | D:4      | Killed a giant frog
  2562 | D:4      | Reached skill level 7 in Unarmed Combat
  2918 | D:3      | Noticed Blork the orc
  3260 | D:5      | Reached XP level 7. HP: 17/52 MP: 7/7
  3266 | D:5      | Reached skill level 8 in Unarmed Combat
  3854 | D:5      | Identified the Disquisition on Calling
  3968 | D:5      | Noticed Menkaure
  4299 | D:5      | Killed Eustachio
  4583 | D:5      | Found Itatwif's Weapon Shop.
  4601 | D:5      | Reached skill level 9 in Unarmed Combat
  4741 | D:5      | Found a burning altar of Makhleb.
  4752 | D:5      | Identified a scroll of acquirement
  4755 | D:5      | Got a distressingly furry cloak
  4766 | D:5      | Identified the +2 cloak of the Old World {rF+} (You acquired it on level 5 of the Dungeon)
  4902 | D:6      | Found Gozag's Nutrition Petition.
  4902 | D:6      | Found an opulent altar of Gozag.
  4985 | D:6      | Reached XP level 8. HP: 36/58 MP: 8/8
  5073 | D:6      | Found a radiant altar of Vehumet.
  5160 | D:5      | Became a worshipper of Makhleb the Destroyer
  5160 | D:5      | Acquired Makhleb's first power
  5160 | D:5      | Acquired Makhleb's second power
  5655 | D:6      | Reached skill level 10 in Unarmed Combat
  6386 | D:6      | Found a staircase to the Ecumenical Temple.
  6457 | Temple   | Entered the Ecumenical Temple
  6787 | D:6      | Found an iron altar of Okawaru.
  6803 | D:6      | Learned a level 1 spell: Animate Skeleton
  6951 | D:6      | Reached skill level 1 in Necromancy
  7057 | D:7      | Acquired Makhleb's third power
  7227 | D:7      | Gained mutation: You have a pair of antennae on your head. [demonic ancestry]
  7227 | D:7      | Reached XP level 9. HP: 65/65 MP: 9/9
  7447 | D:7      | Noticed Joseph
  7725 | D:7      | Reached skill level 5 in Dodging
  7823 | D:7      | Found a glowing silver altar of Zin.
  7952 | D:7      | Reached skill level 1 in Invocations
  7954 | D:7      | Acquired Makhleb's fourth power
  8306 | D:8      | Noticed Prince Ribbit
  9621 | D:8      | Reached skill level 5 in Invocations
 10178 | D:8      | Gained mutation: You can steal the life force of defeated enemies. [demonic ancestry]
 10178 | D:8      | Reached XP level 10. HP: 32/71 MP: 20/20
 11976 | D:9      | Found a deep blue altar of Sif Muna.
 12471 | D:9      | Found a white marble altar of Elyvilon.
 12471 | D:9      | Found a shimmering altar of Xom.
 12518 | D:10     | Entered Level 10 of the Dungeon
 12611 | D:10     | Found a staircase to the Lair.
 12639 | D:10     | Found a staircase to the Orcish Mines.
 12794 | D:10     | Acquired Makhleb's fifth power
 12893 | D:10     | Found Toom's Book Boutique.
 12966 | D:10     | Found Ghyiw's Jewellery Boutique.
 12974 | D:10     | Bought an uncursed amulet of clarity for 340 gold pieces
 13208 | Orc:1    | Entered Level 1 of the Orcish Mines
 13297 | Orc:1    | Found an iron altar of Okawaru.
 13881 | Orc:2    | Found Stileic's Magic Scroll Shop.
 13890 | Orc:2    | Found Anaunut's Antique Weapon Boutique.
 13903 | Orc:2    | Found Brotwag's Armour Shop.
 13936 | Orc:2    | Found Souxiosi's Jewellery Boutique.
 14175 | Orc:2    | HP: 3/71 [orc priest/divine providence (9)]
 15250 | Lair:1   | Entered Level 1 of the Lair of Beasts
 15496 | Lair:1   | Noticed Psyche
 16083 | Lair:1   | Killed Psyche
 16083 | Lair:1   | Reached skill level 10 in Invocations
 16218 | Lair:1   | HP: 3/71 [poisoned by a spiny frog]
 16224 | Lair:1   | HP: 3/106 [poisoned by a spiny frog]
 16231 | Lair:1   | HP: 2/71 [poisoned by a spiny frog]
 17231 | Lair:1   | Reached XP level 11. HP: 70/77 MP: 25/25
 18457 | Orc:2    | Bought the cursed +5 ring mail "Bownoiv" {rC+ SInv} for 618 gold pieces
 18531 | Orc:3    | Found a flagged portal.
 18792 | Orc:2    | Found Conlagh's General Store.
 18859 | Orc:3    | Found a staircase to the Elven Halls.
 18927 | Orc:3    | Reached skill level 1 in Armour
 19892 | Lair:2   | Reached skill level 11 in Unarmed Combat
 20843 | Lair:2   | Learned a level 1 spell: Apportation
 21191 | Lair:3   | Noticed a seven-headed hydra
 21252 | Lair:3   | Reached skill level 5 in Armour
 21916 | Lair:4   | Found a staircase to the Shoals.
 21952 | Lair:4   | Reached skill level 1 in Evocations
 21993 | Lair:4   | Found a frozen archway.
 22012 | IceCv    | Entered an ice cave
 22061 | IceCv    | Noticed an ice statue
 22061 | IceCv    | Noticed an ice statue
 22559 | Lair:4   | Found a staircase to the Snake Pit.
 22918 | Lair:4   | Noticed a seven-headed hydra
 22933 | Lair:4   | Succumbed to a manticore's barbed spikes

Inventory:

Hand weapons
 b - a +3 blowgun
Missiles
 c - 21 stones
 m - 68 poisoned needles
 s - 3 javelins (quivered)
 y - 5 tomahawks
Armour
 a - a +3 leather armour
 r - the cursed +5 ring mail "Bownoiv" (worn) {rC+ SInv}
   (You bought it in a shop on level 2 of the Orcish Mines)

   It protects you from cold.
   It enhances your eyesight.
   It has a curse placed upon it.
 w - the +2 cloak of the Old World (worn) {rF+}
   (You acquired it on level 5 of the Dungeon)

   It protects you from fire.
Jewellery
 g - an uncursed amulet of stasis
 h - a ring of teleportation (right hand)
 x - a ring of magical power (left hand)
 J - an amulet of clarity (around neck)
Magical devices
 e - a wand of paralysis (11)
 i - a wand of draining (0)
 o - a wand of slowing (34)
 u - a wand of magic darts (23)
 A - a wand of digging (10)
 B - a wand of fire (0)
 C - a wand of frost (24)
 F - a wand of invisibility (3)
Scrolls
 p - a scroll of fog
 t - 5 scrolls of remove curse
 E - a scroll of holy word
 H - a scroll of magic mapping
Potions
 d - 2 potions of brilliance
 j - 2 potions of flight
 n - a potion of haste
 v - a potion of cancellation
 z - a potion of magic
Books
 f - a book of the Sky

   Spells                             Type                      Level
   Flight                             Charms/Air                   3
   Airstrike                          Air                          4
   Silence                            Hexes/Air                    5
   Deflect Missiles                   Charms/Air                   6
   Conjure Ball Lightning             Conjuration/Air              6
   Tornado                            Air                          9
 k - a book of Transfigurations

   Spells                             Type                      Level
   Stoneskin                          Transmutation/Earth          2
   Irradiate                          Conjuration/Transmutation    5
   Statue Form                        Transmutation/Earth          6
   Hydra Form                         Transmutation                6
   Dragon Form                        Transmutation                7
Comestibles
 l - a meat ration
 q - a beef jerky


   Skills:
 - Level 4.5 Fighting
 - Level 5.1 Armour
 - Level 8.9 Dodging
 - Level 1.7 Stealth
 - Level 11.5 Unarmed Combat
 - Level 3.8 Necromancy
 - Level 10.7 Invocations
 + Level 4.1 Evocations


You had 8 spell levels left.
You knew the following spells:

 Your Spells              Type           Power        Failure   Level  Hunger
a - Animate Skeleton      Necr           N/A          12%         1    ##.....
b - Apportation           Tloc           #.........   43%         1    ##.....


Dungeon Overview and Level Annotations

Branches:
Dungeon (10/15)            Temple (1/1) D:6            Lair (4/8) D:10
 Shoals (0/5) Lair:4        Snake (0/5) Lair:4          Orc (3/4) D:10
    Elf (0/3) Orc:3

Altars:
Ashenzari
Cheibriados
Dithmenos
Elyvilon
Fedhas
Gozag
Kikubaaqudgha
Makhleb
Nemelex Xobeh
Okawaru
Qazlal
Ru
Sif Muna
Trog
Vehumet
Xom
Yredelemnul
Zin
The Shining One

Shops:
D:5 (   D:6 *   D:10 :=   Orc:2 =[(?*

Annotations:
D:1 dig
D:2 Terence
D:3 Blork the orc, Sigmund
D:5 Menkaure
D:7 Joseph, Prince Ribbit
Lair:3 exclusion: hydra


Innate Abilities, Weirdness & Mutations

You have a pair of antennae on your head.
You can steal the life force of defeated enemies.

Vault maps used:
D:1:      evilmike_arrival_plus, minmay_liquid_box, item_on_display_a
D:2:      grunt_temple_overflow_open, grunt_dithmenos_smoke_and_mirrors,
          uniq_jessica, uniq_terence, uniq_iyjb
D:3:      tgw_sif, bloody_trog, uniq_sigmund
D:4:      first_bread, minmay_small_thing
D:5:      serial_shops, shop, minmay_item_behind_shaft,
          makhleb_heckhound_becter, uniq_menkaure, uniq_eustachio
D:6:      vehumet_crystals, okawaru_gym_becter, grunt_gozag_potion_petition,
          minmay_temple_entry_purple_smoke, portal_sewer_entry_e, minivault_26,
          grunt_decor_mini_mirrors, corexii_shack, minmay_statues_item
D:7:      lemuel_doored_altar, uniq_joseph
D:8:      uniq_prince_ribbit1, uniq_blork_the_orc
D:9:      elyvilon_altar_4, nicolae_overflow_hidden_temple, basic_altar,
          corner_web_ring
D:10:     minmay_lair_entry_lava, david_orc_2, serial_shops, shop, shop
Temple:   minmay_temple_bridge_b_8
Lair:1:   erik_1
Lair:3:   grunt_megastairs_3
Lair:4:   elwin_shoals_entry_rocks, minmay_snake_entry_guardpost_small,
          portal_ice_cave_entry_imps, beast_lair_carwin_2,
          bh_autumn_forest_stairs
Orc:1:    basic_altar
Orc:2:    serial_shops, shop, nicolae_shop_temple_entry_statues_fountains, shop,
          nicolae_shop_crystal, nicolae_shop_statue_plus
Orc:3:    enter_bailey_2, nicolae_orc_pool_cavern
IceCv:    ice_cave_small_demon


Message History

The naga hits you with a trident of freezing.
The naga misses you.
You hit the naga but do no damage. You punch the naga!
Your punch misses the naga.
The naga is moderately wounded.
The naga closely misses you. The naga completely misses you.
You punch the naga!
The naga is severely wounded.
The naga spits poison at you. The splash of poison hits you!
You are poisoned.
You hit the naga.
The naga is almost dead.
You feel sick.
You hit the naga but do no damage.
The naga is almost dead.
The naga misses you. The naga closely misses you.
You hit the naga but do no damage. You punch the naga.
The naga is almost dead.
The naga closely misses you. The naga grabs you. The naga constricts you.
You completely miss the naga.
The naga is almost dead.
You feel less regenerative.
You feel sick.
You closely miss the naga.
The naga is almost dead.
The naga spits poison at you. The splash of poison hits you!
You are more poisoned.
The naga constricts you.
You hit the naga but do no damage.
The naga is almost dead.
The naga hits you but does no damage. The naga constricts you.
You hit the naga.
The naga is almost dead.
You feel sick.
The naga hits you with a trident of freezing.
The naga constricts you.
You closely miss the naga. You punch the naga.
You kill the naga!
Makhleb accepts your kill.
You feel sick.
You see here a trident of freezing.
You start resting.
You feel sick.
You feel sick. x7
You are no longer poisoned.
You start resting.
HP restored.
You see here a scorpion corpse.
You offer a prayer to Makhleb.
The scorpion corpse flares red and disappears.
Makhleb is exalted by your worship.
There is a stone staircase leading up here.
You climb upwards.
Level annotation: exclusion: hydra
There is a stone staircase leading down here.
You climb downwards.
There is a stone staircase leading up here.
A seven-headed hydra comes into view.
The seven-headed hydra roars!
A manticore comes into view.
Read which item? (? for menu, Esc to quit)
Okay, then.
Read which item? (? for menu, Esc to quit)
Okay, then.
Put on which piece of jewellery? (? for menu, Esc to quit)
You feel slightly jumpy.
h - a ring of teleportation (right hand)
The seven-headed hydra bites you!
The seven-headed hydra closely misses you.
The seven-headed hydra bites you. The seven-headed hydra bites you!
The seven-headed hydra bites you!
The seven-headed hydra barely misses you.
The seven-headed hydra misses you.
Unknown command.
The manticore flicks its tail.
The volley of spikes hits you!
The barbed spikes become lodged in your body.
Found a potion of curing.
The barbs in your skin will harm you if you move.
Continue?
Okay, then.
The barbs in your skin will harm you if you move.
Continue?
The barbed spikes dig painfully into your body as you move.
* * * LOW HITPOINT WARNING * * *
The manticore flicks its tail.
The volley of spikes hits you!
The barbed spikes become lodged in your body.
* * * LOW HITPOINT WARNING * * *
Found a meat ration.
Read which item? (? for menu, Esc to quit)
Okay, then.
Read which item? (? for menu, Esc to quit)
Okay, then.
Drink which item? (? for menu, Esc to quit)
Okay, then.
Unknown command.
The barbed spikes dig painfully into your body as you move.
* * * LOW HITPOINT WARNING * * *
The barbed spikes dig painfully into your body as you move.
You die...

♣ ♣♣...### # ♣♣ ♣#♣
♣♣♣.###..#P. .###.##
#........... ......#
##...##...#..# ##....#
##....# ##....$ ##.##.#
#..#..## #..#
.####<#####.....# .. .
..#P#....##.P.#.##.#%....
..............D.@....!..#
.............H###.##..#..
#.###.#.P....PP#..# .##
#..#..).......P.
.P###.###...........
..##...##...#####..##
#..##.....>.#### .≈##.#
...........#..≈...≈≈..#.#
#.##.P......≈≈#..≈##≈...#


You could see a seven-headed hydra and a manticore.

Vanquished Creatures
  An orc sorcerer (Orc:2)
  A smoke demon (D:10)
  A black mamba (Lair:3)
  4 spiny frogs
  Psyche (Lair:1)
  A komodo dragon (Lair:3)
  A fire drake (D:10)
  A two-headed ogre (D:8)
  5 yaks
  2 deep elf magi
  2 hungry ghosts
  Eustachio (D:5)
  7 humans (Lair:1)
  2 hippogriffs
  2 nagas (Lair:4)
  5 water moccasins
  4 porcupines
  A sky beast (D:7)
  2 black bears (D:10)
  2 phantoms (D:8)
  2 crocodiles
  3 centaurs
  2 necrophages (D:8)
  5 ogres
  6 orc warriors
  A big kobold (D:7)
  8 giant frogs
  A water moccasin skeleton (D:6)
  10 killer bees
  4 scorpions
  5 goliath beetles
  A crimson imp (D:9)
  4 centaur zombies
  A giant frog zombie (D:5)
  A yellow wasp zombie (D:8)
  A jelly (D:9)
  10 iguanas
  14 orc priests
  13 hounds
  A gnoll shaman (D:6)
  15 orc wizards
  5 sheep
  6 worker ants
  Ijyb (D:2)
  Jessica (D:2)
  A hound zombie (D:5)
  4 gnolls (D:6)
  17 adders
  23 river rats
  2 orc zombies (Orc:2)
  2 giant mites
  A shadow imp (D:8)
  17 white imps
  6 worms
  5 ufetubi (IceCv)
  2 adder zombies
  2 adder skeletons
  3 giant geckos
  2 oozes
  95 orcs
  A ball python (D:6)
  A bat skeleton (D:4)
  5 giant cockroaches
  18 hobgoblins
  15 jackals
  9 quokkas
  15 bats
  7 giant newts
  3 giant spores
  11 goblins
  16 kobolds
  A quokka skeleton (D:8)
  18 rats
  8 ballistomycetes
477 creatures vanquished.

Vanquished Creatures (collateral kills)
  An orc knight (Orc:3)
  A spiny frog (Lair:1)
  A komodo dragon (Lair:1)
  A yak (Lair:2)
  A wyvern (Lair:4)
  A hungry ghost (D:7)
  4 orc warriors
  A porcupine (Lair:1)
  A centaur (D:8)
  A giant frog (Lair:3)
  A hound (Lair:2)
  A killer bee zombie (D:7)
  2 sheep (Lair:2)
  2 adders
  5 river rats (Lair:1)
  An adder skeleton (D:8)
  A giant gecko (D:8)
  9 orcs
  A bat (D:9)
  A ballistomycete (D:8)
37 creatures vanquished.

Vanquished Creatures (others)
  A smoke demon (Lair:1)
  3 spiny frog skeletons (Lair:2)
  A water moccasin skeleton (Lair:2)
  A centaur skeleton (D:8)
  3 giant frog skeletons
  A human skeleton (Lair:1)
  A crocodile skeleton (Lair:2)
  An ogre skeleton (Orc:1)
  2 hound skeletons
  A white imp (IceCv)
  An ufetubus (IceCv)
  3 iguana skeletons
  2 adder skeletons
  2 sheep skeletons
  A bat skeleton (D:8)
  A quokka (D:9)
  A giant gecko skeleton (D:8)
  A hobgoblin skeleton (D:8)
  17 orc skeletons
  2 quokka skeletons
  4 rat skeletons
  2 fungi
  A plant (Lair:3)
53 creatures vanquished.

Grand Total: 567 creatures vanquished

Action                   |  1- 3 |  4- 6 |  7- 9 | 10-12 || total
-------------------------+-------+-------+-------+-------++-------
Melee: Unarmed           |    98 |   212 |   485 |  1173 ||  1968
 Fire: Blowgun           |       |       |   143 |    93 ||   236
Throw: Stone             |     6 |    18 |     3 |     8 ||    35
       Javelin           |       |       |       |     3 ||     3
 Cast: Animate Skeleton  |       |       |    11 |    45 ||    56
Invok: Lesser Servant of |       |       |     1 |     4 ||     5
       Greater Servant o |       |       |       |     1 ||     1
 Abil: Evoke Teleportati |       |       |     1 |     1 ||     2
Evoke: Wand              |       |       |     3 |    11 ||    14
  Use: Scroll            |       |    11 |     8 |    15 ||    34
       Potion            |       |     3 |       |     5 ||     8
 Stab: Sleeping          |     1 |     2 |    10 |     2 ||    15
       Distracted        |       |       |     3 |     9 ||    12
  Eat: Chunk             |       |     5 |    12 |    33 ||    50
       Royal jelly       |       |     1 |       |       ||     1
       Meat ration       |       |       |     1 |     2 ||     3
       Bread ration      |       |       |     1 |     1 ||     2
       Pizza             |       |       |     2 |       ||     2
       Fruit             |       |       |       |     3 ||     3
       Beef jerky        |       |       |       |     1 ||     1

Action                   |  1- 3 |  4- 6 |  7- 9 | 10-12 || total
-------------------------+-------+-------+-------+-------++-------
Melee: Unarmed           |    98 |   212 |   485 |  1173 ||  1968
 Fire: Blowgun           |       |       |   143 |    93 ||   236
Throw: Stone             |     6 |    18 |     3 |     8 ||    35
       Javelin           |       |       |       |     3 ||     3
 Cast: Animate Skeleton  |       |       |    11 |    45 ||    56
Invok: Lesser Servant of |       |       |     1 |     4 ||     5
       Greater Servant o |       |       |       |     1 ||     1
 Abil: Evoke Teleportati |       |       |     1 |     1 ||     2
Evoke: Wand              |       |       |     3 |    11 ||    14
  Use: Scroll            |       |    11 |     8 |    15 ||    34
       Potion            |       |     3 |       |     5 ||     8
 Stab: Sleeping          |     1 |     2 |    10 |     2 ||    15
       Distracted        |       |       |     3 |     9 ||    12
  Eat: Chunk             |       |     5 |    12 |    33 ||    50
       Royal jelly       |       |     1 |       |       ||     1
       Meat ration       |       |       |     1 |     2 ||     3
       Bread ration      |       |       |     1 |     1 ||     2
       Pizza             |       |       |     2 |       ||     2
       Fruit             |       |       |       |     3 ||     3
       Beef jerky        |       |       |       |     1 ||     1
